 Dungeon Crawl Stone Soup version 0.23-a0-385-gb2d581486a (webtiles) character file.

1787 LostNumber the Slicer (level 9, -3/57 HPs)
             Began as a Kobold Assassin on Oct 27, 2018.
             Was an Initiate of Okawaru.
             Killed from afar by Erica (13 damage)
             ... with a bolt of poison
             ... on level 9 of the Dungeon.
             The game lasted 00:18:20 (8560 turns).

LostNumber the Slicer (Kobold Assassin)             Turns: 8560, Time: 00:18:20

Health: -3/57      AC: 14    Str: 16    XL:     9   Next: 29%
Magic:  11/11      EV: 14    Int: 12    God:    Okawaru [......]
Gold:   367        SH:  0    Dex: 17    Spells: 8/8 levels left

rFire    . . .     SeeInvis .   a - +2 dagger
rCold    . . .     Gourm    .   (shield restricted)
rNeg     . . .     Faith    .   y - +6 scale mail of the Vaults {rElec}
rPois    .         Spirit   .   v - +0 helmet
rElec    +         Reflect  .   d - +0 cloak
rCorr    .         Harm     .   (no gloves)
MR       .....                  (no boots)
Stlth    ++........             (no amulet)
HPRegen  0.19/turn              z - ring of flight
MPRegen  0.12/turn              (no ring)

@: mighty, lethally poisoned (-3 -> -18)
A: small, carnivore
a: Renounce Religion, Evoke Flight


You were on level 9 of the Dungeon.
You worshipped Okawaru.
Okawaru was noncommittal.
You were not hungry.

You visited 2 branches of the dungeon, and saw 11 of its levels.

You collected 367 gold pieces.

Inventory:

Hand Weapons
 a - a +2 dagger (weapon)
 b - a +0 blowgun
Missiles
 e - 47 poisoned needles
 f - a curare-tipped needle
Armour
 c - a +0 robe
 d - a +0 cloak (worn)
 p - a +0 ring mail
 v - a +0 helmet (worn)
 y - the +6 scale mail of the Vaults (worn) {rElec}
   (You found it on level 4 of the Dungeon)

   It insulates you from electricity.
 C - the +2 ring mail of Misanthropy {+Fly, unknown}
   (You found it on level 10 of the Dungeon)

   It lets you fly.
Jewellery
 z - a ring of flight (left hand)
Wands
 i - a wand of polymorph (10)
Scrolls
 k - 5 scrolls of remove curse
 n - a scroll of fear
 o - 3 scrolls of blinking
 s - a scroll of random uselessness {unknown}
 t - a scroll of amnesia
 u - a scroll of enchant armour {unknown}
 w - a scroll of magic mapping {unknown}
 x - a scroll of teleportation
Potions
 h - a potion of invisibility
 j - a potion of flight
 l - 6 potions of curing
 m - 2 potions of heal wounds
 q - a potion of cancellation
 r - a potion of might
 A - a potion of mutation {unknown}
 B - a potion of ambrosia {unknown}
Comestibles
 g - 13 rations


   Skills:
 + Level 7.5 Fighting
 - Level 10.0 Short Blades
 - Level 2.1 Throwing
 + Level 4.8 Dodging
 + Level 6.3 Stealth
 + Level 3.1 Invocations


You had 8 spell levels left.
You didn't know any spells.
Your spell library was empty.

Dungeon Overview and Level Annotations

Branches:
Dungeon (10/15)            Temple (1/1) D:6
   Lair: D:8-11         Orc: D:9-12

Altars:
Ashenzari
Cheibriados
Dithmenos
Elyvilon
Fedhas
Gozag
Hepliaklqana
Kikubaaqudgha
Makhleb
Nemelex Xobeh
Okawaru
Qazlal
Ru
Sif Muna
Trog
Uskayaw
Vehumet
Wu Jian
Xom
Yredelemnul
Zin
The Shining One
Beogh

Annotations:
D:3 3 runed doors, exclusion: orc, Azzok's ghost, amateur DsFi; Fandomethor's ghost, amateur GrFi; alpinistek's ghost, amateur DsIE; feta's ghost, amateur FoFi
D:4 2 transporters, SkaryMonk's ghost, amateur BaFi
D:5 2 runed doors
D:6 3 runed doors, Tinylith's ghost, novice GrFi
D:9 Erica


Innate Abilities, Weirdness & Mutations

You are small and have problems with some larger weapons.
You are carnivorous and can eat meat at any time.


Message History

Erica is lightly wounded.
You barely miss Erica.
Erica is lightly wounded.
Erica casts a spell.
Erica flickers and vanishes!
Deactivating autopickup; reactivate with Ctrl-A.
You miss something. You miss something. Something hits you.
Something burns you.
You barely miss something. You miss something. Something hits you!
* * * LOW HITPOINT WARNING * * *
Something burns you.
* * * LOW HITPOINT WARNING * * *
You closely miss something. You hit something.
You hear some strange, mumbled words.
A bolt of poison appears from out of thin air!
The bolt of poison hits you!
You are lethally poisoned!
You die...

# #. #.#######+##
#......(.>.#
#...@......###
##..{........#
.....##.#####......
#### #.# .......
#.# ....... ..#
..#..). ### >.####.


There were no monsters in sight!

Vanquished Creatures
  An ice beast (D:7)
  A phantom (D:4)
  2 orc warriors
  An ogre (D:6)
  A wolf (D:5)
  A centaur (D:6)
  2 bullfrogs
  2 scorpions
  A howler monkey (D:5)
  2 crimson imps
  A bullfrog zombie (D:7)
  3 hounds
  A jelly (D:6)
  2 orc priests
  4 iguanas
  3 orc wizards
  7 worker ants
  A hound zombie (D:7)
  Robin (D:3)
  9 adders
  3 shadow imps
  2 oozes
  An adder zombie (D:6)
  3 worms
  3 dart slugs
  4 leopard geckos
  17 orcs
  8 bats
  4 giant cockroaches
  13 goblins
  5 hobgoblins
  5 jackals
  5 quokkas
  A ball python (D:3)
  4 frilled lizards
  9 kobolds
  A leopard gecko zombie (D:6)
  2 quokka skeletons (D:6)
  A quokka zombie (D:6)
  10 rats
147 creatures vanquished.

Vanquished Creatures (others)
  2 withered plants (D:3)
2 creatures vanquished.

Grand Total: 149 creatures vanquished

Notes
Turn   | Place    | Note
-------+----------+-------------------------------------------
     0 | D:1      | LostNumber the Kobold Assassin began the quest for the Orb.
     0 | D:1      | Reached XP level 1. HP: 12/12 MP: 1/1
    62 | D:1      | Reached skill level 3 in Short Blades
    77 | D:1      | Reached XP level 2. HP: 9/18 MP: 2/2
   589 | D:1      | Reached XP level 3. HP: 20/22 MP: 3/3
   650 | D:1      | Reached skill level 4 in Short Blades
  1228 | D:2      | Reached XP level 4. HP: 23/28 MP: 4/4
  1484 | D:2      | Reached skill level 5 in Short Blades
  1588 | D:3      | Found a runed gate.
  1588 | D:3      | Found a runed gate.
  1588 | D:3      | Found a runed gate.
  1588 | D:3      | Noticed Azzok's ghost (amateur DsFi)
  1589 | D:3      | Noticed Fandomethor's ghost (amateur GrFi)
  1589 | D:3      | Noticed feta's ghost (amateur FoFi)
  1589 | D:3      | Noticed alpinistek's ghost (amateur DsIE)
  1884 | D:3      | Reached XP level 5. HP: 26/32 MP: 5/5
  2490 | D:3      | Noticed Robin
  2497 | D:3      | Killed Robin
  2836 | D:3      | Reached skill level 6 in Short Blades
  2926 | D:4      | Noticed a phantom
  3059 | D:4      | Reached XP level 6. HP: 6/38 MP: 6/6
  3369 | D:4      | Reached skill level 7 in Short Blades
  3514 | D:4      | Got an ichor-stained scale mail
  3525 | D:4      | Identified the +6 scale mail of the Vaults {rElec} (You
                  | found it on level 4 of the Dungeon)
  3785 | D:4      | Reached XP level 7. HP: 28/44 MP: 7/7
  3916 | D:4      | Reached skill level 8 in Short Blades
  3923 | D:4      | Found a transporter.
  3937 | D:4      | Found a transporter.
  3940 | D:4      | Noticed SkaryMonk's ghost (amateur BaFi)
  4067 | D:4      | Reached skill level 5 in Fighting
  4146 | D:4      | Found a burning altar of Makhleb.
  4172 | D:5      | Entered Level 5 of the Dungeon
  4172 | D:5      | Found an ornate altar of the Wu Jian Council.
  4274 | D:5      | Found a runed door.
  4453 | D:5      | Found a runed door.
  4722 | D:5      | Found an ancient bone altar of Kikubaaqudgha.
  4773 | D:5      | Reached skill level 9 in Short Blades
  4910 | D:5      | Reached XP level 8. HP: 21/50 MP: 8/8
  6140 | D:6      | Reached skill level 10 in Short Blades
  6842 | D:6      | Found a staircase to the Ecumenical Temple.
  6860 | Temple   | Entered the Ecumenical Temple
  6993 | Temple   | Became a worshipper of Warmaster Okawaru
  7108 | D:6      | Found a runed gate.
  7108 | D:6      | Found a runed gate.
  7109 | D:6      | Found a roughly hewn altar of Beogh.
  7109 | D:6      | Found a runed gate.
  7109 | D:6      | Noticed Tinylith's ghost (novice GrFi)
  7216 | D:5      | Reached skill level 1 in Invocations
  7869 | D:7      | Reached XP level 9. HP: 55/57 MP: 10/10
  8457 | D:7      | You fall through a shaft for 3 floors!
  8457 | D:10     | Entered Level 10 of the Dungeon
  8528 | D:10     | Got a fine ring mail
  8544 | D:8      | Noticed Erica
  8544 | D:8      | Noticed a hippogriff
  8560 | D:9      | Killed from afar by Erica

Vault maps used:
D:1:      co_arrival_square_in_a_square_in_a_square, serial_park_tiny_pond,
          minmay_misc_feat_enclosed
D:3:      gammafunk_ghost_cemetery, kennysheep_flooded_box, uniq_robin
D:4:      gammafunk_ghost_stat_death, first_ration, makhleb_blood_cavern_becter
D:5:      lemuel_insect_pit, kennysheep_mini, basic_altar,
          minmay_misc_feat_nine_boxes
D:6:      minmay_temple_entry_hall, biasface_ghost_orc_armoury
D:7:      uniq_menkaure
D:8:      cheibrodos_statue_roulette, nrook_campfire, uniq_gastronok,
          uniq_erica, uniq_grum
D:9:      david_lair_shrubbed, orc_david_3, serial_shops,
          nicolae_shop_behind_doors
D:10:     hangedman_ranch, uniq_fannar
Temple:   regret_index_temple_sigil_plot

Skill      XL: |  1  2  3  4  5  6  7  8  9 |
---------------+----------------------------+-----
Short Blades   | 3 4 5 6 7 9 10 | 10.0
Fighting       | 3 4 5 7 |  7.5
Dodging        | 3 4 |  4.8
Invocations    | 1 3 |  3.1
Stealth        | 6 |  6.3
Throwing       | |  2.1

Action                   |  1- 3 |  4- 6 |  7- 9 || total
-------------------------+-------+-------+-------++-------
Melee: Dagger            |   136 |   250 |   452 ||   838
 Fire: Blowgun           |       |    30 |    66 ||    96
Evoke: Wand              |       |       |     4 ||     4
  Use: Scroll            |       |       |    11 ||    11
       Potion            |       |       |     1 ||     1
 Stab: Sleeping          |     9 |     7 |     5 ||    21
  Eat: Chunk             |     9 |     9 |    10 ||    28
Armor: Robe              |    22 |       |       ||    22
       Ring mail         |    14 |    67 |       ||    81
       Scale mail        |       |    15 |   125 ||   140
Dodge: Dodged            |    68 |   118 |   160 ||   346

Table legend:
 A = Non-vault XP
 B = Vault XP
 C = Vault XP percentage of total XP
 D = Non-vault monster count
 E = Vault monster count
 F = Vault count percentage of total count
                 A         B        C        D         E       F
            +---------+---------+-------+---------+---------+-------
      Total |    2481 |      72 |   2.8 |     138 |       9 |   6.1
            +---------+---------+-------+---------+---------+-------
        D:1 |      33 |       0 |   0.0 |      17 |       0 |   0.0
        D:2 |      66 |       0 |   0.0 |      23 |       0 |   0.0
        D:3 |     159 |      29 |  15.4 |      31 |       8 |  20.5
        D:4 |     415 |      43 |   9.4 |      12 |       1 |   7.7
        D:5 |     463 |       0 |   0.0 |      13 |       0 |   0.0
        D:6 |     624 |       0 |   0.0 |      28 |       0 |   0.0
        D:7 |     649 |       0 |   0.0 |      13 |       0 |   0.0
        D:8 |      72 |       0 |   0.0 |       1 |       0 |   0.0
            +---------+---------+-------+---------+---------+-------
